 Dungeon Crawl Stone Soup version 0.27.1-2-g3b301248ec (webtiles) character file.

Game seed: 16637492925023561526

9015 loralnil the Martial Artist (level 11, -1/99 HPs)
             Began as a Gnoll Transmuter on Oct 4, 2021.
             Was an Elder of Okawaru.
             Slain by a troll (5 damage)
             ... on level 9 of the Dungeon.
             The game lasted 00:21:05 (12316 turns).

loralnil the Martial Artist (Gnoll Transmuter)     Turns: 12316, Time: 00:21:05

Health: -1/99      AC:  8    Str: 10    XL:     11   Next: 39%
Magic:  26/32      EV: 16    Int: 19    God:    Okawaru [****..]
Gold:   421        SH:  0    Dex: 15    Spells: 7/26 levels left

rFire    x . .     SeeInvis .     - Unarmed
rCold    + + +     Faith    +   (shield currently unavailable)
rNeg     . . .     Spirit   .   (armour currently unavailable)
rPois    +         Reflect  .   (helmet currently unavailable)
rElec    .         Harm     .   (cloak currently unavailable)
rCorr    .         Rampage  .   (gloves currently unavailable)
Will     .....                  (boots currently unavailable)
Stlth    +++++.....             y - amulet "Omaal" {Faith rC+ Int+6}
HPRegen  0.26/turn              q - ring of magical power
MPRegen  0.23/turn              s - ring of wizardry

@: lethally poisoned (-1 -> -5), ice-form, heroic
A: freezing attack, amphibious, boosted hp, large, (fangs 1), strong nose,
distributed training
a: End Transformation, Renounce Religion, Heroism


You were on level 9 of the Dungeon.
You worshipped Okawaru.
Okawaru was greatly pleased with you.
You were a creature of crystalline ice.
You visited 2 branches of the dungeon, and saw 11 of its levels.

You collected 508 gold pieces.
You spent 87 gold pieces at shops.

Inventory:

Hand Weapons
 D - the +5 dagger of Anguish (melded) {flame, rF+ Will+ Stlth+}
   (You found it on level 6 of the Dungeon)

   It burns those it strikes, dealing additional fire damage.
   rF:        It protects you from fire.
   Will:      It increases your willpower.
   Stlth:     It makes you more stealthy.
 Q - a +4 war axe
Missiles
 t - 2 throwing nets
Armour
 h - a +0 cloak (melded)
 m - a +2 pair of boots (melded)
 o - a +2 pair of gloves (melded)
 B - the +1 robe "Tutolue" (melded) {Str+4 Dex+2 Stlth+}
   (You found it on level 5 of the Dungeon)

   Str:       It affects your strength (+4).
   Dex:       It affects your dexterity (+2).
   Stlth:     It makes you more stealthy.
 J - a +3 buckler (melded)
 N - a +1 hat of stealth (melded)
Jewellery
 c - an amulet of the acrobat
 q - a ring of magical power (left front paw)
 s - a ring of wizardry (right front paw)
 y - the amulet "Omaal" (around neck) {Faith rC+ Int+6}
   (You found it on level 5 of the Dungeon)

   [amulet of faith]

   It allows you to gain divine favour quickly.
   Int:       It affects your intelligence (+6).
   rC:        It protects you from cold.
 L - a +4 ring of protection
Wands
 A - a wand of polymorph (8)
 K - a wand of digging (7)
 P - a wand of paralysis (7)
Scrolls
 e - 2 scrolls of teleportation
 g - a scroll of enchant armour
 j - 2 scrolls of fog
 l - a scroll of magic mapping {unknown}
 p - a scroll of brand weapon {unknown}
 v - 2 scrolls of torment
 x - a scroll of blinking {unknown}
 C - a scroll of noise {unknown}
 E - 2 scrolls of amnesia {unknown}
 F - a scroll of vulnerability {unknown}
 G - a scroll of acquirement {unknown}
 M - a scroll of fear {unknown}
 O - a scroll of identify
Potions
 a - 2 potions of resistance {unknown}
 b - a potion of might
 d - a potion of invisibility {unknown}
 f - a potion of heal wounds {unknown}
 i - 4 potions of brilliance
 k - a potion of haste {unknown}
 n - 4 potions of curing
 r - 2 potions of lignification
 u - a potion of flight {unknown}
 w - 2 potions of ambrosia {unknown}
 z - 5 potions of mutation
 H - a potion of attraction {unknown}
 I - a potion of magic


   Skills:
 + Level 6.8(11.8) Fighting
 + Level 6.2(11.2) Short Blades
 + Level 6.2(11.2) Long Blades
 + Level 6.2(11.2) Axes
 + Level 6.2(11.2) Maces & Flails
 + Level 6.2(11.2) Polearms
 + Level 6.2(11.2) Staves
 + Level 6.2(11.2) Slings
 + Level 6.2(11.2) Bows
 + Level 6.2(11.2) Crossbows
 + Level 6.2(11.2) Throwing
 + Level 6.2(11.2) Armour
 + Level 7.8(12.8) Dodging
 + Level 6.2(11.2) Stealth
 + Level 6.2(11.2) Shields
 + Level 9.1(14.1) Unarmed Combat
 + Level 8.1 Spellcasting
 + Level 5.1 Conjurations
 + Level 5.1 Hexes
 + Level 5.1 Summonings
 + Level 5.1 Necromancy
 + Level 5.1 Translocations
 + Level 6.5 Transmutations
 + Level 5.1 Fire Magic
 + Level 5.1 Ice Magic
 + Level 5.1 Air Magic
 + Level 5.1 Earth Magic
 + Level 5.1 Poison Magic
 + Level 6.8 Invocations
 + Level 6.2 Evocations


You had 7 spell levels left.
You knew the following spells:

 Your Spells              Type           Power      Damage    Failure   Level
a - Beastly Appendage     Tmut           64%        N/A       1%          1
b - Wereblood             Tmut           32%        N/A       1%          2
c - Spider Form           Tmut/Pois      15%        N/A       1%          3
d - Ice Form              Ice/Tmut       30%        N/A       3%          4
e - Vampiric Draining     Necr           13%        2d7       1%          3
f - Ignite Poison         Fire/Tmut/Pois 29%        N/A       1%          3
g - Swiftness             Air            27%        N/A       1%          3

Your spell library contained the following spells:

 Spells                   Type           Power      Damage    Failure   Level
 Animate Skeleton         Necr           54%        N/A       1%          1
 Pain                     Necr           100%       1d9       1%          1
 Shock                    Conj/Air       100%       1d9       1%          1
 Summon Small Mammal      Summ           100%       N/A       1%          1
 Blink                    Tloc           N/A        N/A       1%          2
 Call Canine Familiar     Summ           27%        N/A       1%          3
 Conjure Flame            Conj/Fire      27%        6-21      1%          3
 Lesser Beckoning         Tloc           13%        N/A       1%          3
 Summon Guardian Golem    Hex/Summ       27%        N/A       1%          3
 Airstrike                Air            13%        N/A       4%          4
 Sticky Flame             Conj/Fire      27%        2d5       4%          4
 Manifold Assault         Tloc           27%        N/A       12%         5


Dungeon Overview and Level Annotations

Branches:
Dungeon (10/15)            Temple (1/1) D:6            Lair (0/6) D:9
    Orc (0/2) D:9

Altars:
Ashenzari
Cheibriados
Dithmenos
Elyvilon
Fedhas
Gozag
Hepliaklqana
Kikubaaqudgha
Makhleb
Nemelex Xobeh
Okawaru
Qazlal
Ru
Sif Muna
Trog
Uskayaw
Vehumet
Wu Jian
Xom
Yredelemnul
Zin
The Shining One
Beogh

Shops:
D:2 [   D:8 *


Innate Abilities, Weirdness & Mutations

You are a creature of crystalline ice.
You have a powerful freezing melee attack.
You are amphibious.
Your maximum health is increased.
Your armour is entirely melded.
You are incapable of wielding weapons or throwing items.
((You have very sharp teeth.))
Your uncanny sense of smell can sniff out nearby items.
Your experience applies equally to all skills.


Message History

Your +3 buckler unmelds from your body.
The +1 robe "Tutolue" {Str+4 Dex+2 Stlth+} unmelds from your body.
The +5 dagger of Anguish {flame, rF+ Will+ Stlth+} bursts into flame!
You feel stealthy.
You turn into a creature of crystalline ice.
The +5 dagger of Anguish {flame, rF+ Will+ Stlth+} melds into your body.
Your +0 cloak melds into your body.
Your +1 hat of stealth melds into your body.
Your +2 pair of gloves melds into your body.
Your +2 pair of boots melds into your body.
Your +3 buckler melds into your body.
The +1 robe "Tutolue" {Str+4 Dex+2 Stlth+} melds into your body.
The +5 dagger of Anguish {flame, rF+ Will+ Stlth+} stops flaming.
You feel less stealthy.
You feel sick. The killer bee barely misses you. The troll barely misses you.
The troll claws you! The troll barely misses you. The killer bee misses you.
You closely miss the killer bee.
You feel sick. The killer bee misses you. The troll bites you!
* * * LOW HITPOINT WARNING * * *
The troll barely misses you. The troll misses you.
You barely miss the killer bee.
You feel sick. The killer bee barely misses you. The killer bee misses you.
The troll barely misses you. The troll claws you but does no damage.
The troll claws you.
* * * LOW HITPOINT WARNING * * *
You feel better. The killer bee barely misses you. The killer bee stings you.
* * * LOW HITPOINT WARNING * * *
You are poisoned.
The killer bee poisons you! The troll barely misses you. x2
The troll misses you.
You hit the killer bee but do no damage.
You feel sick. The killer bee closely misses you. x2
The troll bites you but does no damage. The troll claws you!
* * * LOW HITPOINT WARNING * * *
The troll misses you.
You gain the combat prowess of a mighty hero.
* * * LOW HITPOINT WARNING * * *
You feel sick.
The killer bee misses you. x2; The troll completely misses you.
The troll claws you.
You die...

......<##..............#........)
......)'..##.....<.........._.)).
..[....#####..........##.......(.
.......# #..........##........)
###'#### #######.#####.........
###.# ##.# ##.#.#.#.# #...# #..#
#.#.#.#.#. ..### #####[####
##.#.#.#.# ######
#..yY....###.#.#.#.#. .....######
#..T[....'..#.#.#.#.#
.....'...)###........##..#.#.#.#.
.....####)[)'........####.#.#.#.#
.....# #####........# #.#.#.#.#.
.....# #........####.#.#.#.#
.....# #............#.#.#.#.
.....# ###########.#.#.#.#.#
###### #..#.#.#.#.


You could see a troll and a killer bee.

Vanquished Creatures
  Gastronok (D:9)
  A two-headed ogre (D:7)
  A centaur zombie (D:10)
  2 trolls (D:9)
  Sigmund (D:2)
  2 wyverns
  A vampire (D:9)
  2 wraiths
  6 yaks (D:9)
  Grum (D:8)
  A steam dragon (D:10)
  2 acid dragons
  3 orc warriors (D:9)
  An ice beast (D:7)
  5 wolves
  3 black bears
  A necrophage (D:4)
  3 ogres
  2 phantoms
  3 centaurs
  A bullfrog (D:9)
  2 gnoll sergeants (D:9)
  3 kobold brigands
  A scorpion (D:7)
  3 electric eels (D:9)
  4 wights (D:9)
  4 howler monkeys
  A jelly (D:6)
  A bullfrog zombie (D:6)
  7 hounds
  3 orc priests
  2 iguanas
  Natasha (thrice) (D:2)
  3 gnoll shamans
  5 orc wizards
  A killer bee zombie (D:8)
  23 gnolls
  2 adders (D:2)
  A shadow imp (D:5)
  A white imp (D:7)
  2 ufetubi (D:6)
  An adder skeleton (D:5)
  A worm (D:4)
  3 dart slugs
  47 orcs
  7 ball pythons
  10 endoplasms
  3 giant cockroaches
  7 hobgoblins
  15 jackals
  2 quokkas
  3 bats
  7 frilled lizards
  7 goblins
  15 kobolds
  2 rats
245 creatures vanquished.

Vanquished Creatures (others)
  2 fungi
2 creatures vanquished.

Grand Total: 247 creatures vanquished

Notes
Turn   | Place    | Note
-------+----------+-------------------------------------------
     0 | D:1      | loralnil the Gnoll Transmuter began the quest for the Orb.
     0 | D:1      | Reached XP level 1. HP: 17/17 MP: 6/6
   190 | D:1      | Reached XP level 2. HP: 20/23 MP: 5/7
   674 | D:1      | Found a faded altar of an unknown god.
   752 | D:1      | Reached XP level 3. HP: 28/28 MP: 7/9
   764 | D:1      | Reached skill level 5 in Spellcasting
  1021 | D:1      | Reached skill level 1 in Invocations
  1212 | D:2      | Reached skill level 1 in Short Blades
  1212 | D:2      | Reached skill level 1 in Long Blades
  1212 | D:2      | Reached skill level 1 in Axes
  1212 | D:2      | Reached skill level 1 in Maces & Flails
  1212 | D:2      | Reached skill level 1 in Polearms
  1212 | D:2      | Reached skill level 1 in Staves
  1212 | D:2      | Reached skill level 1 in Slings
  1212 | D:2      | Reached skill level 1 in Bows
  1212 | D:2      | Reached skill level 1 in Crossbows
  1212 | D:2      | Reached skill level 1 in Throwing
  1212 | D:2      | Reached skill level 1 in Armour
  1212 | D:2      | Reached skill level 1 in Stealth
  1212 | D:2      | Reached skill level 1 in Shields
  1212 | D:2      | Reached skill level 1 in Evocations
  1305 | D:2      | Noticed Natasha
  1307 | D:2      | Noticed Sigmund
  1318 | D:1      | Learned a level 2 spell: Wereblood
  1322 | D:1      | Learned a level 3 spell: Spider Form
  1338 | D:2      | Killed Natasha
  1339 | D:2      | Reached XP level 4. HP: 20/34 MP: 9/11
  1345 | D:2      | Killed Sigmund
  1346 | D:2      | Reached skill level 1 in Conjurations
  1346 | D:2      | Reached skill level 1 in Hexes
  1346 | D:2      | Reached skill level 1 in Summonings
  1346 | D:2      | Reached skill level 1 in Necromancy
  1346 | D:2      | Reached skill level 1 in Translocations
  1346 | D:2      | Reached skill level 1 in Fire Magic
  1346 | D:2      | Reached skill level 1 in Ice Magic
  1346 | D:2      | Reached skill level 1 in Air Magic
  1346 | D:2      | Reached skill level 1 in Earth Magic
  1346 | D:2      | Reached skill level 1 in Poison Magic
  1346 | D:2      | Reached XP level 5. HP: 15/41 MP: 7/12
  1346 | D:2      | Reached XP level 6. HP: 17/47 MP: 7/13
  1557 | D:2      | Noticed Natasha
  1565 | D:2      | Killed Natasha
  1823 | D:2      | Reached skill level 5 in Dodging
  1887 | D:2      | Found Kadurez's Antique Armour Shop.
  1922 | D:2      | Noticed Natasha
  1931 | D:2      | Killed Natasha
  2327 | D:3      | Found a stormy altar of Qazlal.
  2689 | D:3      | Reached XP level 7. HP: 30/52 MP: 15/15
  3559 | D:4      | Reached skill level 7 in Unarmed Combat
  4144 | D:4      | Learned a level 4 spell: Ice Form
  4483 | D:4      | Found a sacrificial altar of Ru.
  4483 | D:4      | Found a basalt altar of Yredelemnul.
  4518 | D:5      | Entered Level 5 of the Dungeon
  4539 | D:5      | Learned a level 3 spell: Vampiric Draining
  4588 | D:5      | Reached XP level 8. HP: 60/60 MP: 16/16
  4663 | D:5      | Found an ornate altar of the Wu Jian Council.
  4896 | D:5      | Identified the amulet "Omaal" {Faith rC+ Int+6}
  5213 | D:5      | Noticed a wyvern
  5222 | D:5      | Killed a wyvern
  5374 | D:5      | Identified the +1 robe "Tutolue" {Str+4 Dex+2 Stlth+}
  5432 | D:5      | Found an ancient bone altar of Kikubaaqudgha.
  5597 | D:6      | Identified the +5 dagger of Anguish {flame, rF+ Will+
                  | Stlth+}
  5887 | D:6      | Found a staircase to the Ecumenical Temple.
  5893 | Temple   | Entered the Ecumenical Temple
  5935 | Temple   | Became a worshipper of Warmaster Okawaru
  6450 | D:7      | Noticed a wyvern
  6459 | D:7      | Killed a wyvern
  6460 | D:7      | Reached skill level 5 in Transmutations
  6460 | D:7      | Reached XP level 9. HP: 63/66 MP: 18/18
  6521 | D:7      | Learned a level 3 spell: Ignite Poison
  6529 | D:7      | Reached * piety under Okawaru
  6583 | D:7      | Learned a level 3 spell: Swiftness
  7013 | D:7      | Reached skill level 5 in Fighting
  7385 | D:8      | Noticed a two-headed ogre
  7507 | D:7      | Killed a two-headed ogre
  7507 | D:7      | Reached ** piety under Okawaru
  7508 | D:7      | Reached skill level 8 in Unarmed Combat
  7508 | D:7      | Reached skill level 5 in Invocations
  7730 | D:8      | Noticed Grum
  7740 | D:8      | Killed Grum
  8198 | D:8      | Reached XP level 10. HP: 46/74 MP: 20/20
  8542 | D:8      | Found Awimuch's CLEARANCE SALE! EVERYTHING MUST GO!.
  8549 | D:8      | Bought a potion of magic for 56 gold pieces
  8589 | D:8      | Bought a +0 buckler for 31 gold pieces
  8719 | D:8      | Reached skill level 5 in Short Blades
  8719 | D:8      | Reached skill level 5 in Long Blades
  8719 | D:8      | Reached skill level 5 in Axes
  8719 | D:8      | Reached skill level 5 in Maces & Flails
  8719 | D:8      | Reached skill level 5 in Polearms
  8719 | D:8      | Reached skill level 5 in Staves
  8719 | D:8      | Reached skill level 5 in Slings
  8719 | D:8      | Reached skill level 5 in Bows
  8719 | D:8      | Reached skill level 5 in Crossbows
  8719 | D:8      | Reached skill level 5 in Throwing
  8719 | D:8      | Reached skill level 5 in Armour
  8719 | D:8      | Reached skill level 5 in Stealth
  8719 | D:8      | Reached skill level 5 in Shields
  8719 | D:8      | Reached skill level 5 in Evocations
  9075 | D:9      | Noticed Gastronok
  9092 | D:9      | Killed Gastronok
  9092 | D:9      | Reached *** piety under Okawaru
  9092 | D:9      | Reached **** piety under Okawaru
  9369 | D:9      | Found a staircase to the Orcish Mines.
  9384 | D:9      | Reached ***** piety under Okawaru
  9417 | D:9      | Found a large runed translucent door.
  9419 | D:9      | Found a large runed translucent door.
  9432 | D:9      | Received a gift from Okawaru
  9801 | D:9      | Reached XP level 11. HP: 83/83 MP: 22/22
 10327 | D:9      | Reached skill level 9 in Unarmed Combat
 10742 | D:9      | Found a staircase to the Lair.
 10909 | D:9      | Found a broken altar of Ashenzari.
 10915 | D:9      | Reached skill level 5 in Conjurations
 10915 | D:9      | Reached skill level 5 in Hexes
 10915 | D:9      | Reached skill level 5 in Summonings
 10915 | D:9      | Reached skill level 5 in Necromancy
 10915 | D:9      | Reached skill level 5 in Translocations
 10915 | D:9      | Reached skill level 5 in Fire Magic
 10915 | D:9      | Reached skill level 5 in Ice Magic
 10915 | D:9      | Reached skill level 5 in Air Magic
 10915 | D:9      | Reached skill level 5 in Earth Magic
 10915 | D:9      | Reached skill level 5 in Poison Magic
 11673 | D:9      | Found a bloodstained altar of Trog.
 11686 | D:9      | Found a shadowy altar of Dithmenos.
 11840 | D:10     | Entered Level 10 of the Dungeon
 12316 | D:9      | HP: 4/99 [poisoned by a killer bee]
 12316 | D:9      | Slain by a troll

Illustrated notes

Levels and vault maps discovered:
D:1:      wander_arrival_fairy_ring, layout_loops_ring, basic_ecumenical_altar
D:2:      minmay_recursive_quarters, layout_rooms, serial_shops, shop,
          minmay_cut_off, uniq_sigmund, uniq_natasha
D:3:      layout_basic, grunt_qazlal_clouds
D:4:      layout_loops_ring, gammafunk_temple_overflow_pools
D:5:      cheibrodos_barr_body, layout_basic, nicolae_wu_jian_wuxing_cycle,
          lemuel_doored_altar
D:6:      layout_cave_pods, minmay_temple_entry_fiery,
          chequers_serial_rivers_micro_a
D:7:      layout_loops_ring, chequers_serial_rivers_micro_b
D:8:      layout_loops_ring, nicolae_shop_clearance, uniq_grum
D:9:      layout_roguey [special_room_orc], overflow_temple_1_default,
          jmf_multi_god_temple2, erik_lair_island, minivault_23, uniq_gastronok
D:10:     layout_irregular_city, fungi_pond_lemuel,
          minmay_fractal_squares_gapless_5
Temple:   eino_temple_lava

Skill      XL: |  1  2  3  4  5  6  7  8  9 10 11 |
---------------+----------------------------------+-----
Spellcasting   | 5 6 7 8 |  8.1
Invocations    | 1 2 3 4 5 6 |  6.8
Short Blades   | 1 2 3 4 5 6 |  6.2
Long Blades    | 1 2 3 4 5 6 |  6.2
Axes           | 1 2 3 4 5 6 |  6.2
Maces & Flails | 1 2 3 4 5 6 |  6.2
Polearms       | 1 2 3 4 5 6 |  6.2
Staves         | 1 2 3 4 5 6 |  6.2
Slings         | 1 2 3 4 5 6 |  6.2
Bows           | 1 2 3 4 5 6 |  6.2
Crossbows      | 1 2 3 4 5 6 |  6.2
Throwing       | 1 2 3 4 5 6 |  6.2
Armour         | 1 2 3 4 5 6 |  6.2
Stealth        | 1 2 3 4 5 6 |  6.2
Shields        | 1 2 3 4 5 6 |  6.2
Evocations     | 1 2 3 4 5 6 |  6.2
Fighting       | 3 4 5 6 |  6.8
Conjurations   | 1 2 3 4 5 |  5.1
Hexes          | 1 2 3 4 5 |  5.1
Summonings     | 1 2 3 4 5 |  5.1
Necromancy     | 1 2 3 4 5 |  5.1
Translocations | 1 2 3 4 5 |  5.1
Transmutations | 4 5 6 |  6.5
Fire Magic     | 1 2 3 4 5 |  5.1
Ice Magic      | 1 2 3 4 5 |  5.1
Air Magic      | 1 2 3 4 5 |  5.1
Earth Magic    | 1 2 3 4 5 |  5.1
Poison Magic   | 1 2 3 4 5 |  5.1
Dodging        | 5 6 7 |  7.8
Unarmed Combat | 7 8 9 |  9.1

Action                   |  1- 3 |  4- 6 |  7- 9 | 10-12 || total
-------------------------+-------+-------+-------+-------++-------
Melee: Unarmed           |    80 |    96 |   262 |   266 ||   704
       Kick              |    14 |    11 |    19 |     2 ||    46
       Bite              |     3 |     5 |    10 |     7 ||    25
       Headbutt          |     7 |     4 |    12 |     1 ||    24
       Punch             |     2 |     1 |     2 |       ||     5
       Dagger            |       |       |    14 |    48 ||    62
 Cast: Beastly Appendage |    17 |    17 |    20 |     2 ||    56
       Spider Form       |     1 |     6 |    23 |    13 ||    43
       Vampiric Draining |       |       |     6 |       ||     6
       Ignite Poison     |       |       |     3 |     2 ||     5
       Swiftness         |       |       |     3 |       ||     3
       Ice Form          |       |       |       |     8 ||     8
Invok: Heroism           |       |       |       |     8 ||     8
  Use: Scroll            |       |     4 |     7 |     3 ||    14
       Potion            |       |       |     1 |     1 ||     2
 Stab: Sleeping          |     2 |     4 |     5 |     3 ||    14
       Distracted        |       |       |       |     2 ||     2
Armor: Robe              |     4 |    13 |    20 |     4 ||    41
       Skin              |     1 |     1 |    10 |    26 ||    38
Dodge: Dodged            |    71 |    99 |   264 |   286 ||   720
Block: Buckler           |       |       |       |    23 ||    23
